Map: Frozen Temple

Players

MIKETDOG - Winner!

  • Race: Terran Terran
  • League: Silver

NoRain

  • Race: Protoss Protoss
  • League: Bronze

VOD

Have the link to the VOD?

Description

Time

  • Played on: July 29, 2016, 8:31 p.m.
  • Length: 14:00
Show
View Real Time Build Order
Export as new Build Order

MIKETDOG Terran - Winner!

Build Orders: MMM Bio 

Get SALT Encoding   

  12  0:02  SCV  
  13  0:14  SCV  
  14  0:23  Supply Depot  
  14  0:26  SCV  
  15  0:46  Barracks  
  15  0:51  Barracks  
  15  0:53  SCV  
  16  1:05  SCV  
  16  1:06  Supply Depot  
  16  1:10  Refinery  
  17  1:17  SCV  
  18  1:21  Refinery  
  18  1:29  SCV  
  19  1:38  Marine x2  
  21  1:56  Marine x2  
  23  2:08  SCV  
  24  2:16  Supply Depot  
  24  2:19  Supply Depot  
  24  2:20  Marine x2  
  24  2:21  SCV  
  27  2:31  Factory  
  27  2:38  Marine x2, Orbital Command  
  29  2:59  Bunker  
  29  3:03  Barracks Tech Lab x2  
  29  3:21  Factory Tech Lab  
  29  3:30  Bunker  
  29  3:31  Marauder x2  
  33  3:45  Siege Tank  
  36  3:52  Marauder x2  
  40  4:18  Command Center  
  40  4:34  Marine  
  40  4:35  Marine  
  42  4:52  Marine  
  42  4:53  Marine  
  42  4:58  Siege Tank  
  47  5:11  Supply Depot  
  47  5:12  Supply Depot  
  47  5:21  Combat Shields  
  47  5:23  Stimpack  
  47  5:29  Marine x2  
  49  5:47  Marine x2, Engineering Bay  
  49  5:48  Engineering Bay  
  51  5:55  SCV  
  52  6:08  SCV  
  53  6:12  Marine x2  
  55  6:20  SCV  
  54  6:30  Marine x2  
  54  6:32  SCV  
  53  6:44  SCV  
  49  6:47  Marine  
  49  6:48  Marine  
  42  7:05  Marine x2  
  42  7:11  Planetary Fortress  
  42  7:19  Barracks  
  42  7:20  Barracks  
  37  7:23  Marine x2  
  39  7:36  Missile Turret  
  39  7:37  Missile Turret  
  39  7:38  Missile Turret  
  39  7:41  Marine x2  
  41  7:48  Siege Tank  
  44  7:53  SCV  
  45  7:59  Marine x2  
  47  8:16  Marine  
  47  8:17  Marine  
  49  8:20  Siege Tank  
  48  8:49  Marine x4  
  44  9:07  Marine x4  
  45  9:21  Siege Tank  
  45  9:23  SCV  
  49  9:24  Marine  
  49  9:25  Marine x3  
  53  9:35  SCV  
  51  9:42  Marine x2  
  51  9:43  Marine x2  
  53  9:53  Siege Tank  
  56  10:00  Marine  
  55  10:18  Marine x3  
  55  10:19  Marine  
  59  10:21  Terran Infantry Armor Level 1, Terran Infantry Weapons Level 1  
  59  10:25  Siege Tank  
  56  10:36  Marine x3  
  54  10:44  Barracks Tech Lab  
  53  10:55  Marauder  
  55  10:57  Barracks Tech Lab  
  55  11:08  Factory  
  55  11:13  Refinery x2  
  55  11:26  Marauder x3  
  55  11:27  Marauder  
  55  11:30  Concussive Shells  
  63  11:39  SCV  
  64  11:48  Marauder x2  
  64  11:51  SCV, Marauder x2  
  73  11:59  Factory Tech Lab  
  73  12:03  SCV, Siege Tank  
  77  12:21  Hi-Sec Auto Tracking  
  77  12:39  Missile Turret  
  77  12:45  Siege Tank  
  78  13:46  SCV  
Show
View Real Time Build Order
Export as new Build Order

NoRain Protoss 

Build Orders:  

Get SALT Encoding   

  12  0:01  Probe (Chrono Boost)  
  13  0:15  Pylon  
  13  0:20  Probe (Chrono Boost)  
  14  0:30  Probe (Chrono Boost)  
  15  0:36  Gateway  
  15  0:41  Probe (Chrono Boost)  
  16  0:53  Probe (Chrono Boost)  
  17  1:14  Assimilator  
  17  1:18  Pylon  
  17  1:20  Pylon  
  17  1:30  Zealot  
  17  1:37  Cybernetics Core  
  19  1:56  Gateway  
  18  2:24  Assimilator  
  18  2:26  Probe (Chrono Boost)  
  20  2:38  Probe (Chrono Boost)  
  20  2:46  Warp Gate  
  20  2:50  Probe (Chrono Boost)  
  21  3:02  Probe (Chrono Boost)  
  22  3:05  Adept  
  25  3:14  Probe (Chrono Boost)  
  25  3:25  Nexus  
  27  3:27  Pylon  
  27  3:28  Mothership Core (Chrono Boost)  
  27  3:32  Adept  
  27  3:34  Adept  
  31  4:18  Stargate  
  31  4:21  Gateway  
  31  4:23  Gateway  
  31  4:24  Adept  
  31  5:03  Adept  
  31  5:04  Oracle  
  34  5:26  Stalker x3  
  40  5:44  Probe (Chrono Boost)  
  41  5:54  Probe x2 (Chrono Boost)  
  43  6:02  Pylon  
  43  6:03  Phoenix  
  45  6:05  Probe (Chrono Boost)  
  45  6:06  Probe (Chrono Boost), Pylon  
  45  6:09  Pylon  
  47  6:15  Probe (Chrono Boost)  
  49  6:18  Probe (Chrono Boost)  
  47  6:26  Probe (Chrono Boost)  
  47  6:28  Phoenix  
  47  6:30  Probe (Chrono Boost)  
  47  6:32  Stalker  
  53  6:33  Stalker x2  
  53  6:43  Probe (Chrono Boost)  
  44  6:51  Stalker  
  44  6:53  Phoenix  
  44  7:38  Phoenix  
  46  7:50  Robotics Facility  
  46  7:55  Assimilator  
  46  7:58  Probe (Chrono Boost)  
  47  7:59  Assimilator  
  47  8:01  Stalker x2  
  47  8:03  Phoenix  
  53  8:14  Probe (Chrono Boost)  
  54  8:24  Probe (Chrono Boost)  
  55  8:27  Stalker x2  
  55  8:28  Phoenix, Stalker  
  55  8:29  Stalker  
  65  8:35  Probe (Chrono Boost)  
  62  8:45  Probe (Chrono Boost)  
  51  8:56  Probe (Chrono Boost)  
  52  9:09  Stalker x2  
  56  9:10  Stalker x2  
  60  9:30  Probe (Chrono Boost)  
  61  9:40  Immortal  
  61  9:41  Probe (Chrono Boost)  
  66  9:51  Probe (Chrono Boost)  
  57  9:59  Stalker x4  
  64  10:02  Probe (Chrono Boost)  
  57  10:12  Probe (Chrono Boost)  
  45  10:14  Immortal  
  43  10:23  Stalker  
  43  10:24  Stalker x3  
  48  10:50  Stalker x2  
  52  11:12  Stalker  
  52  11:18  Pylon  
  54  11:31  Immortal  
  54  11:37  Stalker x2  
  62  12:04  Pylon  
  62  13:05  Stalker  
  62  13:09  Nexus  
  21  13:56  Stalker  
Tags
 
Add a new tag
Caveats
  • Supply blocks, unpowered buildings, or Contaminate may cause inaccurate times.
  • Supply counts are checked every 10 seconds.